 Dungeon Crawl Stone Soup version 0.28-a0-909-g796cbd3a86 (webtiles) character file.

Game seed: 8690568752153000383

6547 BinkBink the Spear-Bearer (level 10, -2/79 HPs)
             Began as a Demonspawn Fighter on Nov 24, 2021.
             Killed from afar by a tengu conjurer (15 damage)
             ... with a bolt of lightning
             ... on level 9 of the Dungeon.
             The game lasted 00:21:47 (9572 turns).

BinkBink the Spear-Bearer (Demonspawn Fighter)      Turns: 9572, Time: 00:21:48

Health: -2/79      AC: 23    Str: 19    XL:     10   Next: 70%
Magic:  0/10       EV:  8    Int: 10    God:
Gold:   366        SH:  5    Dex: 13    Spells: 9/9 levels left

rFire   . . .      SeeInvis .   q - +3 spear (venom)
rCold   . . .      Faith    .   c - +0 buckler
rNeg    . . .      Spirit   +   r - +0 plate armour
rPois   .          Reflect  .   (helmet restricted)
rElec   .          Harm     .   t - +2 cloak
rCorr   .          Rampage  .   g - +0 pair of gloves
Will    .....                   (no boots)
Stlth   ..........              o - amulet of guardian spirit
HPRegen 0.23/turn               (no ring)
MPRegen 0.12/turn               (no ring)

@: sanguine armoured
A: horns 1, demonic guardian 2, foul stench 2, sanguine armour 1
a: no special abilities


You were on level 9 of the Dungeon.
You visited 2 branches of the dungeon, and saw 10 of its levels.

You collected 628 gold pieces.
You spent 262 gold pieces at shops.

Inventory:

Hand Weapons
 q - a +3 spear of venom (weapon)
Missiles
 h - 2 throwing nets (quivered)
Armour
 c - a +0 buckler (worn)
 f - a scarf of harm
 g - a +0 pair of gloves (worn)
 p - a +0 chain mail of poison resistance
 r - a +0 plate armour (worn)
 t - a +2 cloak (worn)
Jewellery
 e - a ring of protection from cold
 o - an amulet of guardian spirit (around neck)
 y - a ring of wizardry
 E - a ring of ice
Wands
 w - a wand of paralysis (13)
 z - a wand of mindburst (17)
 G - a wand of flame (16)
Scrolls
 b - 3 scrolls of identify
 s - a scroll of holy word {unknown}
 u - a scroll of fog {unknown}
 x - a scroll of silence {unknown}
 C - a scroll of summoning {unknown}
 F - a scroll of enchant armour {unknown}
Potions
 a - a potion of haste {unknown}
 d - a potion of might
 i - a potion of flight {unknown}
 j - a potion of attraction {unknown}
 k - 2 potions of berserk rage {unknown}
 l - 2 potions of curing {unknown}
 m - a potion of invisibility {unknown}
 n - a potion of mutation {unknown}
 v - a potion of resistance {unknown}
 A - a potion of brilliance {unknown}
 B - a potion of ambrosia {unknown}


   Skills:
 + Level 7.1 Fighting
 + Level 9.4 Polearms
 + Level 7.2 Armour
 * Level 6.6 Dodging
 + Level 0.3 Stealth
 + Level 4.8 Shields


You had 9 spell levels left.
You didn't know any spells.
Your spell library contained the following spells:

 Spells                   Type           Power      Damage    Failure   Level
 Static Discharge         Conj/Air       0%         N/A       100%        2
 Lightning Bolt           Conj/Air       0%         1d11      100%        5
 Maxwell's Capacitive Co  Air            0%         ∞         100%        8


Dungeon Overview and Level Annotations

Branches:
Dungeon (9/15)             Temple (1/1) D:6
   Lair: D:8-11         Orc: D:9-12

Altars:
Ashenzari
Cheibriados
Dithmenos
Elyvilon
Fedhas
Gozag
Hepliaklqana
Kikubaaqudgha
Makhleb
Nemelex Xobeh
Okawaru
Qazlal
Ru
Sif Muna
Uskayaw
Vehumet
Wu Jian
Xom
Yredelemnul
Zin
The Shining One

Shops:
D:6 ?[   D:7 ?   D:8 [

Annotations:
D:4 Sigmund


Innate Abilities, Weirdness & Mutations

You have a pair of small horns on your head.
A demonic guardian rushes to your aid.
You sometimes emit foul miasma when damaged in melee.
When seriously injured, your blood forms armour. (AC +6)


Message History

The troll is severely wounded.
The troll bites you but does no damage. The troll claws you!
You emit a cloud of foul miasma!
The troll claws you.
* * * LOW HITPOINT WARNING * * *
A tengu conjurer opens the door.
The troll is engulfed in dark miasma.
The troll looks as sick as possible!
The tengu conjurer shouts!
You kill the troll!
There is an open door here.
The bullfrog hits you but does no damage.
You are too injured to fight recklessly!
You are too injured to fight recklessly!
You closely miss the bullfrog. The bullfrog barely misses you.
You closely miss the bullfrog.
The bullfrog hits you but does no damage.
The bullfrog hits you.
* * * LOW HITPOINT WARNING * * *
You block the bullfrog's attack. You block the bullfrog's attack.
The tengu conjurer gestures wildly while chanting.
The tengu conjurer blinks!
The bullfrog barely misses you.
As you read the scroll labelled JOUJEX KAADE, it crumbles to dust.
Your body is wracked with pain!
* * * LOW HITPOINT WARNING * * *
A demonic guardian appears!
The bullfrog convulses!
The tengu conjurer convulses!
It was a scroll of torment.
The bullfrog hits you but does no damage.
The bullfrog hits you but does no damage.
You block the bullfrog's attack.
Your rust devil misses the bullfrog.
The tengu conjurer hits your rust devil but does no damage.
The tengu conjurer pecks your rust devil.
The tengu conjurer claws your rust devil but does no damage.
The tengu conjurer blocks your rust devil's attack.
The bullfrog barely misses you.
Your rust devil barely misses the tengu conjurer.
The tengu conjurer casts a spell at you.
The bolt of lightning hits the bullfrog!!
The bullfrog dies!
The bolt of lightning hits you!
You die...

######.# #.# #......# #.#
#......# #.# #......# #.#
#......#######.#
####...........#
#.....####### #.....# ♣.♣
♣♣ #.....# ♣@♣ ♣ ♣(
#.....# ♣.♣ ♣.♣F
#.....#♣♣.♣♣ ♣..)♣♣
#.....#♣4Q.♣### ####)##
#.....#.....#.♣ ♣.#...#
#.....#.PPP.♣.♣♣♣.♣...♣
#.......P≈P...♣.♣)'>8<+
#.....#.PPP.♣.♣.♣.♣...♣
#.......#.....#...Q.#Q..#


You could see a tengu conjurer (ally target) and a friendly rust devil
(summoned).

Vanquished Creatures
  Harold (D:8)
  A manticore (D:8)
  A troll (D:9)
  Grum (D:8)
  2 steam dragons
  A water moccasin (D:6)
  8 orc warriors
  2 black bears (D:8)
  3 sky beasts
  An ice beast (D:6)
  7 ogres
  3 centaurs
  4 wolves (D:8)
  3 phantoms
  A gnoll sergeant (D:9)
  4 scorpions
  A wyvern skeleton (D:7)
  4 killer bees (D:8)
  6 howler monkeys
  A bullfrog zombie (D:6)
  3 centaur zombies (D:8)
  4 hounds
  A jelly (D:6)
  3 bullfrog skeletons
  3 gnoll shamans
  2 orc priests
  2 centaur skeletons
  6 orc wizards
  A hound zombie (D:5)
  2 hound skeletons (D:4)
  A howler monkey zombie (D:9)
  11 gnolls
  A howler monkey skeleton (D:5)
  8 adders
  A shadow imp (D:8)
  2 ufetubi (D:6)
  An adder skeleton (D:4)
  2 worms (D:2)
  25 orcs
  8 ball pythons
  10 bats
  5 endoplasms
  5 giant cockroaches
  15 goblins
  9 hobgoblins
  3 jackals (D:1)
  9 kobolds
  6 quokkas
  6 frilled lizards
  3 rats
213 creatures vanquished.

Vanquished Creatures (collateral kills)
  A wyvern (D:8)
  Edmund (D:6)
  2 orc wizards (D:5)
  2 gnolls (D:3)
  An orc (D:5)
7 creatures vanquished.

Vanquished Creatures (others)
  A bullfrog (D:9)
  A howler monkey zombie (D:6)
2 creatures vanquished.

Grand Total: 222 creatures vanquished

Notes
Turn   | Place    | Note
-------+----------+-------------------------------------------
     0 | D:1      | BinkBink the Demonspawn Fighter began the quest for the
                  | Orb.
     0 | D:1      | Reached XP level 1. HP: 18/18 MP: 1/1
   106 | D:1      | Gained mutation: You have a pair of small horns on your
                  | head. [demonic ancestry]
   106 | D:1      | Reached XP level 2. HP: 16/24 MP: 2/2
   631 | D:1      | Reached XP level 3. HP: 29/29 MP: 3/3
   635 | D:1      | Reached skill level 2 in Polearms
   837 | D:2      | Reached skill level 1 in Dodging
  1385 | D:2      | Reached XP level 4. HP: 26/37 MP: 4/4
  1758 | D:3      | You fall into a shaft and drop 1 floor!
  1758 | D:4      | Noticed a scorpion
  1760 | D:4      | Noticed Sigmund
  1764 | D:5      | Entered Level 5 of the Dungeon
  1850 | D:5      | Noticed a scorpion
  1881 | D:5      | Killed a scorpion
  1882 | D:5      | Reached skill level 3 in Polearms
  1882 | D:5      | Gained mutation: A weak demonic guardian rushes to your
                  | aid. [demonic ancestry]
  1882 | D:5      | Reached XP level 5. HP: 37/42 MP: 5/5
  2467 | D:3      | Gained mutation: When seriously injured, your blood forms
                  | armour. (AC +6) [demonic ancestry]
  2467 | D:3      | Reached XP level 6. HP: 21/48 MP: 6/6
  3315 | D:4      | Reached skill level 4 in Polearms
  3343 | D:4      | Found a stormy altar of Qazlal.
  3495 | D:4      | Reached XP level 7. HP: 46/54 MP: 7/7
  3699 | D:4      | Reached skill level 5 in Polearms
  4338 | D:5      | Gained mutation: A demonic guardian rushes to your aid.
                  | [demonic ancestry]
  4338 | D:5      | Reached XP level 8. HP: 56/61 MP: 8/8
  4371 | D:5      | Reached skill level 6 in Polearms
  4558 | D:5      | Reached skill level 5 in Fighting
  5215 | D:6      | Found Gaxt's Antique Armour Shoppe.
  5447 | D:6      | Bought a runed cloak for 180 gold pieces
  5527 | D:6      | Found Moaxkud's Magic Scroll Shoppe.
  5671 | D:6      | Bought a scroll of enchant weapon for 82 gold pieces
  5808 | D:6      | Reached skill level 5 in Armour
  5815 | D:6      | Reached skill level 7 in Polearms
  5832 | D:6      | Noticed Edmund
  5860 | D:6      | Killed Edmund
  5861 | D:6      | Gained mutation: You may rarely emit foul miasma when
                  | damaged in melee. [demonic ancestry]
  5861 | D:6      | Reached XP level 9. HP: 51/68 MP: 9/9
  6237 | D:6      | Reached skill level 5 in Dodging
  6240 | D:6      | Found a staircase to the Ecumenical Temple.
  6668 | Temple   | Entered the Ecumenical Temple
  7445 | D:7      | Found Uwo Hyesoyff's Magic Scroll Boutique.
  7462 | D:7      | Found a shimmering blue altar of Sif Muna.
  7486 | D:7      | Reached skill level 8 in Polearms
  7502 | D:7      | Identified the +0 robe of Nock {Rampage}
  7561 | D:7      | Found a shadowy altar of Dithmenos.
  7602 | D:7      | Found a radiant altar of Vehumet.
  7773 | D:8      | Found Dotekagi's Armour Shoppe.
  7911 | D:8      | Noticed a manticore
  7945 | D:8      | Killed a manticore
  7946 | D:8      | Gained mutation: You sometimes emit foul miasma when
                  | damaged in melee. [demonic ancestry]
  7946 | D:8      | Reached XP level 10. HP: 40/77 MP: 6/10
  8155 | D:8      | Noticed Grum
  8192 | D:8      | Killed Grum
  8619 | D:8      | Noticed Harold
  8682 | D:8      | Killed Harold
  8683 | D:8      | Reached skill level 9 in Polearms
  9572 | D:9      | Killed from afar by a tengu conjurer

Illustrated notes

Levels and vault maps discovered:
D:1:      zelgadis_glass_arrival_small, layout_rooms
D:2:      minmay_spotlight, layout_basic
D:3:      layout_rooms, gup_sewer_entry_pipe, minmay_misc_feat_secret_circle
D:4:      minmay_clustersquares, layout_cave_pools,
          mainiacjoe_overflow_surrounded_room, uniq_sigmund
D:5:      layout_layer_cave, minmay_ogre_servants
D:6:      minmay_recursive_quarters, layout_loops_ring,
          minmay_temple_entry_grid, serial_shops, nicolae_stop_n_shop_1,
          nicolae_shop_stone, lemuel_flamethrower_2, uniq_edmund
D:7:      layout_rooms, nicolae_sif_muna_condensation,
          grunt_temple_overflow_open, serial_shops,
          nicolae_shop_temple_entry_statues_fountains, st_stairs_8
D:8:      layout_basic, serial_shops, shop_coins, uniq_grum, uniq_harold
D:9:      nzn_winding_woodlands_stair_cross [nzn_winding_woodlands_5x15_eye,
          nzn_winding_woodlands_center_triple_pond,
          nzn_winding_woodlands_5x15_pathside_ponds,
          nzn_winding_woodlands_5x5_cross, nzn_winding_woodlands_5x5_three,
          nzn_winding_woodlands_5x15_jagged, nzn_winding_woodlands_center_lodge,
          nzn_winding_woodlands_5x15_garden], layout_irregular_city,
          overflow_temple_1_default, erik_lair_dragon, david_orc_2
Temple:   minmay_crystal_spiral_temple

Skill      XL: |  1  2  3  4  5  6  7  8  9 10 |
---------------+-------------------------------+-----
Armour         | 3 4 5 6 7 |  7.2
Polearms       | 2 3 4 5 7 8 9 |  9.4
Dodging        | 1 2 3 4 5 6 |  6.6
Shields        | 3 4 |  4.8
Fighting       | 4 5 6 7 |  7.1
Stealth        | |  0.3

Action                   |  1- 3 |  4- 6 |  7- 9 | 10-12 || total
-------------------------+-------+-------+-------+-------++-------
Melee: Trident           |   137 |   192 |    41 |       ||   370
       Headbutt          |    12 |    33 |    88 |    24 ||   157
       Spear             |       |       |   435 |   203 ||   638
  Use: Scroll            |       |     4 |     3 |     2 ||     9
       Potion            |       |     1 |     1 |       ||     2
Armor: Scale mail        |    61 |    96 |    35 |       ||   192
       Plate armour      |       |       |   148 |    62 ||   210
Dodge: Dodged            |    52 |   103 |   109 |    47 ||   311
Block: Buckler           |    12 |    42 |    68 |    37 ||   159

Table legend: (Time is in decaauts)
 A = Elapsed time spent in this place.
 B = Non-inter-level travel time spent in this place.
 C = Inter-level travel time spent in this place.
 D = Time resting spent in this place.
 E = Time spent auto-exploring this place.
 F = Levels seen in this place.
 G = Mean time per level.
                   A        B        C        D        E       F      G
               +--------+--------+--------+--------+--------+-----+--------+
         Total |   9473 |   8973 |    500 |      0 |   7067 |  10 |  947.3 |
       Dungeon |   9131 |   8829 |    302 |      0 |   6937 |   9 | 1014.6 |
        Temple |    342 |    145 |    197 |      0 |    130 |   1 |  342.0 |
               +--------+--------+--------+--------+--------+-----+--------+

Top non-repeatable levels by time:
     D:5: 1611 daAuts
     D:6: 1432 daAuts
     D:8: 1428 daAuts
     D:3: 1090 daAuts
     D:2: 897 daAuts
     D:4: 892 daAuts
     D:1: 784 daAuts
     D:7: 642 daAuts
     D:9: 351 daAuts
  Temple: 342 daAuts
